 Dungeon Crawl Stone Soup version 0.17-a0-1951-g62301d3 (webtiles) character file.

210 Kuldar the Skirmisher (level 5, -2/42 HPs)
             Began as a Demonspawn Berserker on Oct 3, 2015.
             Was a Priest of Trog.
             Killed from afar by an orc wizard (13 damage)
             ... with a puff of flame
             ... on level 4 of the Dungeon.
             The game lasted 00:09:18 (3401 turns).

Kuldar the Skirmisher (Demonspawn Berserker)        Turns: 3401, Time: 00:09:19

Health: -2/42      AC:  5    Str: 23    XL:     5   Next: 56%
Magic:  5/5        EV: 15    Int:  9    God:    Trog [***...]
Gold:   191        SH:  0    Dex: 12    Spells: 0 memorised, 4 levels left

rFire  . . .     SeeInvis .     a - +0 falchion
rCold  . . .     Clarity  .     b - +0 animal skin
rNeg   . . .     SustAt   .     (no shield)
rPois  .         Gourm    .     (no helmet)
rElec  .         Spirit   .     i - +1 cloak
rCorr  .         Warding  .     (no gloves)
rMut   .         Stasis   .     p - +0 pair of boots
MR     .....                    (no amulet)
Stlth  +.........               (no ring)
                                (no ring)

@: mighty, starving, not resistant to hostile enchantments, very unstealthy
A: hooves 1, repulsion field 1, demonic guardian 1
a: Burn Spellbooks, Berserk, Trog's Hand, Renounce Religion


You were on level 4 of the Dungeon.
You worshipped Trog.
Trog was most pleased with you.
You were starving.

You visited 1 branch of the dungeon, and saw 4 of its levels.

You collected 191 gold pieces.

Inventory:

Hand weapons
 a - a +0 falchion (weapon)
 r - a +0 blowgun
Missiles
 s - 20 poisoned needles
Armour
 b - a +0 animal skin (worn)
 i - a +1 cloak (worn)
 p - a +0 pair of boots (worn)
Jewellery
 e - an uncursed amulet of resist corrosion {unknown}
 t - an uncursed amulet of resist corrosion {unknown}
Magical devices
 h - a wand of flame (30)
 j - a wand of polymorph (1)
Scrolls
 f - a scroll of blinking {unknown}
 l - a scroll of recharging {unknown}
 n - 2 scrolls of identify {unknown}
 q - a scroll of fog {unknown}
Potions
 m - a potion of flight {unknown}
 u - a potion of ambrosia {unknown}
Comestibles
 c - 3 bread rations
 g - 2 meat rations
 o - a beef jerky


   Skills:
 * Level 4.0 Fighting
 * Level 3.7 Long Blades
 * Level 3.0 Armour
 * Level 3.0 Dodging


You had 4 spell levels left.
You didn't know any spells.

Dungeon Overview and Level Annotations

Branches:
Dungeon (4/15)
 Temple: D:4-7

Altars:
Ashenzari
Fedhas
Makhleb


Innate Abilities, Weirdness & Mutations

You have large cloven feet.
You are surrounded by a mild repulsion field (EV +2).
A weak demonic guardian rushes to your aid.


Message History

Unknown command.
Something barely misses you.
Found a stone staircase leading up.
A bat comes into view.
The bat hits you but does no damage.
You barely miss the bat. The bat hits you.
* * * LOW HITPOINT WARNING * * *
The bat misses you. Something barely misses you.
You closely miss the bat. The bat closely misses you. The bat misses you.
Something hits you.
* * * LOW HITPOINT WARNING * * *
The bat hits you.
* * * LOW HITPOINT WARNING * * *
You slash the bat!
You kill the bat!
Trog accepts your kill. Something barely misses you.
A puff of flame appears from out of thin air!
The puff of flame hits you!
You die...

<. #.# ... . #.# ...
##... #.# #.######......
#.# #.#...@...>... #.##
#.#.####...... #.##
#.#.## ##.... #.##
#....#### #....#####.##
###........##............
#......###.###.###.######
#.......... #. #......#
#.†)...#### #.###.####.#
######[##.##
##.....####.#


There were no monsters in sight!

Vanquished Creatures
  A scorpion (D:4)
  An orc priest (D:4)
  5 adders (D:2)
  3 worms (D:2)
  3 giant geckos
  3 orcs (D:4)
  6 bats
  4 giant cockroaches
  9 hobgoblins
  10 jackals (D:3)
  10 kobolds
  A ball python (D:2)
  2 giant newts
  11 goblins
  7 rats
76 creatures vanquished.

Notes
Turn   | Place    | Note
--------------------------------------------------------------
     0 | D:1      | Kuldar the Demonspawn Berserker began the quest for the Orb.
     0 | D:1      | Reached XP level 1. HP: 18/18 MP: 1/1
    82 | D:1      | Gained mutation: You have large cloven feet. [demonic ancestry]
    82 | D:1      | Reached XP level 2. HP: 24/24 MP: 2/2
   192 | D:1      | HP: 1/24 [kobold/short sword (4)]
   551 | D:1      | Acquired Trog's second power
   997 | D:2      | Gained mutation: You are surrounded by a mild repulsion field (EV +2). [demonic ancestry]
   997 | D:2      | Reached XP level 3. HP: 8/29 MP: 3/3
  1729 | D:2      | Gained mutation: A weak demonic guardian rushes to your aid. [demonic ancestry]
  1729 | D:2      | Reached XP level 4. HP: 15/35 MP: 4/4
  1748 | D:2      | Found a burning altar of Makhleb.
  2512 | D:3      | Found a shattered altar of Ashenzari.
  2760 | D:3      | Found a blossoming altar of Fedhas.
  3050 | D:4      | Reached skill level 4 in Fighting
  3050 | D:4      | Reached XP level 5. HP: 19/42 MP: 5/5
  3401 | D:4      | Killed from afar by an orc wizard

Vault maps used:
D:1:      grunt_arrival_lava_bath
D:2:      bloody_makhleb, first_bread
D:3:      lemuel_round_altar, fedhas_altar_1
D:4:      gammafunk_temple_overflow_wave

Action                   |  1- 3 |  4- 6 || total
-------------------------+-------+-------++-------
Melee: Falchion          |   135 |   176 ||   311
Invok: Berserk           |       |     1 ||     1
  Use: Scroll            |     2 |       ||     2
       Potion            |       |     2 ||     2
 Stab: Sleeping          |       |     2 ||     2
       Distracted        |       |     1 ||     1
  Eat: Chunk             |     3 |     4 ||     7
